 Dungeon Crawl Stone Soup version 0.28-a0-793-g31680bbd8b (webtiles) character file.

Game seed: 1514522254152644639

1766 siradein the Shield-Bearer (level 9, -10/56 HPs)
             Began as a Gargoyle Fighter on Nov 4, 2021.
             Was an Initiate of Qazlal.
             Mangled by an ogre (11 damage)
             ... on level 6 of the Dungeon.
             The game lasted 00:20:07 (6383 turns).

siradein the Shield-Bearer (Gargoyle Fighter)       Turns: 6383, Time: 00:20:08

Health: -10/56     AC: 20    Str: 22    XL:     9   Next: 7%
Magic:  12/12      EV:  8    Int:  9    God:    Qazlal [......]
Gold:   304        SH:  5    Dex: 10    Spells: 8/8 levels left

rFire   . . .      SeeInvis .   a - +0 long sword
rCold   . . .      Faith    .   c - +0 buckler
rNeg    + + .      Spirit   .   g - +0 chain mail
rPois   ∞          Reflect  .   (no helmet)
rElec   +          Harm     .   (no cloak)
rCorr   .          Rampage  .   (no gloves)
Will    .....                   E - +2 pair of boots
Stlth   ..........              (no amulet)
HPRegen 0.18/turn               u - +4 ring of slaying
MPRegen 0.13/turn               G - ring of positive energy

@: no status effects
A: sickness immunity, AC +6, negative energy resistance 1, electricity
resistance, torment resistance 1, petrification resistance
a: Renounce Religion


You were on level 6 of the Dungeon.
You worshipped Qazlal.
Qazlal was noncommittal.
You visited 2 branches of the dungeon, and saw 7 of its levels.
You also visited: Sewer.

You collected 326 gold pieces.
You spent 22 gold pieces at shops.

Inventory:

Hand Weapons
 a - a +0 long sword (weapon)
Missiles
 r - 4 datura-tipped darts
 t - 20 poisoned darts (quivered)
Armour
 c - a +0 buckler (worn)
 g - a +0 chain mail (worn)
 E - a +2 pair of boots (worn)
Jewellery
 u - a +4 ring of slaying (left hand)
 G - a ring of positive energy (right hand)
Wands
 v - a wand of digging (5)
 C - a wand of flame (52)
Scrolls
 b - 2 scrolls of teleportation
 e - a scroll of magic mapping {unknown}
 f - 3 scrolls of brand weapon {unknown}
 i - a scroll of noise {unknown}
 j - 2 scrolls of acquirement {unknown}
 k - a scroll of vulnerability {unknown}
 l - a scroll of immolation {unknown}
 m - 2 scrolls of blinking
 p - 3 scrolls of fear {unknown}
 x - a scroll of enchant armour {unknown}
 y - 3 scrolls of amnesia {unknown}
 D - a scroll of fog {unknown}
 F - 2 scrolls of identify
Potions
 d - 2 potions of might
 h - a potion of curing
 n - 2 potions of attraction {unknown}
 o - 2 potions of flight {unknown}
 q - a potion of berserk rage {unknown}
 s - a potion of heal wounds {unknown}
 w - 2 potions of haste {unknown}
 z - a potion of resistance {unknown}
 A - 3 potions of brilliance {unknown}
 B - 2 potions of ambrosia {unknown}


   Skills:
 + Level 6.4 Fighting
 + Level 4.9 Long Blades
 + Level 6.4 Armour
 + Level 6.4 Shields
 + Level 5.2 Invocations


You had 8 spell levels left.
You didn't know any spells.
Your spell library was empty.

Dungeon Overview and Level Annotations

Branches:
Dungeon (6/15)             Temple (1/1) D:5           Sewer (visited)

Altars:
Ashenzari
Dithmenos
Gozag
Hepliaklqana
Makhleb
Nemelex Xobeh
Okawaru
Qazlal
Ru
Trog
Uskayaw
Vehumet
Wu Jian
Yredelemnul
Zin
The Shining One

Shops:
D:1 :   D:2 *

Annotations:
D:4 3 runed translucent doors, Randoe's ghost, amateur MiMo


Innate Abilities, Weirdness & Mutations

You are immune to sickness and miasma.
Your stone body is resilient. (AC +6)
You are immune to poison.
You resist negative energy. (rN+)
You are resistant to electric shocks. (rElec)
You are resistant to unholy torment.
You are immune to petrification.


Message History

The steam dragon barely misses you.
You slice the steam dragon!!
You kill the steam dragon!
Qazlal accepts your kill.
The steam dragon scales are intact enough to wear.
You have reached level 9!
Your experience leads to an increase in your attributes!
Increase (S)trength, (I)ntelligence, or (D)exterity?
You feel stronger. The ogre closely misses you.
Things that are here:
+0 steam dragon scales; a steam dragon corpse
There is a stone staircase leading up here.
You climb upwards.
There is a stone staircase leading down here.
You start resting.
You feel a little less mighty now.
You start resting.
HP restored.
You climb downwards.
The ogre hits you with a +0 giant club!
There is a stone staircase leading up here.
You barely miss the ogre. The ogre barely misses you.
You slash the ogre!
The ogre is moderately wounded.
The ogre hits you with a +0 giant club!!
You slash the ogre!
The ogre is almost dead.
The ogre hits you with a +0 giant club!
You hit the ogre but do no damage.
The ogre is almost dead.
The ogre hits you with a +0 giant club!
* * * LOW HITPOINT WARNING * * *
You barely miss the ogre.
The ogre is almost dead.
The ogre hits you with a +0 giant club!
* * * LOW HITPOINT WARNING * * *
You barely miss the ogre.
The ogre is almost dead.
The ogre hits you with a +0 giant club!
You die...

######### #.......#
#.#####.#
####.#####.#######
#.......##<.......
##.##.##.##..######
##...#.##.##..#
#........@O...#
###....##.#######
#.........#
#.........#
#.........#
###>......#
##...#### #...####
.. #......# ..


You could see an ogre.

Vanquished Creatures
  Grinder (D:5)
  Prince Ribbit (D:5)
  Sigmund (D:5)
  A steam dragon (D:6)
  Pargi (Sewer)
  An ice beast (D:5)
  An ogre (D:5)
  2 necrophages
  A phantom (D:4)
  A scorpion (D:4)
  A jelly (D:5)
  2 bullfrog zombies
  An orc priest (D:4)
  A bullfrog skeleton (D:5)
  Jessica (D:3)
  3 iguanas
  An orc wizard (D:4)
  4 gnolls (D:4)
  8 adders
  A river rat (D:4)
  An ufetubus (D:5)
  A worm (D:2)
  12 orcs
  3 endoplasms
  8 giant cockroaches
  3 goblins
  11 hobgoblins
  6 jackals
  A quokka (D:2)
  10 ball pythons
  A bat (D:1)
  7 frilled lizards
  6 kobolds
  4 rats
108 creatures vanquished.

Vanquished Creatures (others)
  An adder (D:6)
  12 plants (D:3)
13 creatures vanquished.

Grand Total: 121 creatures vanquished

Notes
Turn   | Place    | Note
-------+----------+-------------------------------------------
     0 | D:1      | siradein the Gargoyle Fighter began the quest for the Orb.
     0 | D:1      | Reached XP level 1. HP: 14/14 MP: 1/1
    48 | D:1      | Found Viop's Book Boutique.
   109 | D:1      | Reached XP level 2. HP: 16/19 MP: 2/2
   556 | D:2      | Found Xoweecit's General Store.
   568 | D:2      | Bought a scroll of identify for 22 gold pieces
   594 | D:2      | Reached XP level 3. HP: 23/23 MP: 3/3
   670 | D:2      | Found a sparkling altar of Nemelex Xobeh.
  1238 | D:2      | Reached skill level 1 in Invocations
  1445 | D:2      | Reached XP level 4. HP: 22/29 MP: 4/4
  2210 | D:3      | Noticed a golden eye
  2212 | D:3      | Found a faded altar of an unknown god.
  2214 | D:3      | Noticed a golden eye
  2214 | D:3      | Noticed a golden eye
  2214 | D:3      | Noticed an eye of devastation
  2221 | D:3      | Noticed Jessica
  2228 | D:3      | Killed Jessica
  2229 | D:3      | Reached XP level 5. HP: 24/33 MP: 6/6
  2376 | D:3      | Found a hazy altar of Hepliaklqana.
  2883 | D:4      | Found a glowing silver altar of Zin.
  2884 | D:4      | Found an opulent altar of Gozag.
  2969 | D:4      | Found a burning altar of Makhleb.
  2969 | D:4      | Found an ornate altar of the Wu Jian Council.
  2969 | D:4      | Noticed a phantom
  3024 | D:4      | Noticed a necrophage
  3048 | D:4      | Killed a necrophage
  3049 | D:4      | Reached XP level 6. HP: 29/39 MP: 7/7
  3189 | D:4      | Found a runed translucent gate.
  3258 | D:4      | Found a glowing drain.
  3267 | Sewer    | Entered a sewer
  3417 | Sewer    | Noticed Pargi
  3439 | Sewer    | Killed Pargi
  3440 | Sewer    | Reached XP level 7. HP: 30/44 MP: 9/9
  3747 | D:4      | Found a runed translucent gate.
  3748 | D:4      | Found a runed translucent gate.
  3748 | D:4      | Noticed Randoe's ghost (amateur MiMo)
  3821 | D:4      | Reached skill level 5 in Armour
  3838 | D:4      | Reached skill level 5 in Fighting
  4042 | D:4      | Reached skill level 5 in Shields
  4240 | D:5      | Entered Level 5 of the Dungeon
  4546 | D:5      | Found a staircase to the Ecumenical Temple.
  4576 | Temple   | Entered the Ecumenical Temple
  4706 | Temple   | Became a worshipper of Qazlal Stormbringer
  4883 | D:5      | Noticed Prince Ribbit
  5087 | D:5      | Killed Prince Ribbit
  5088 | D:5      | Reached XP level 8. HP: 34/50 MP: 9/11
  5274 | D:5      | Noticed Grinder
  5277 | D:5      | Paralysed by Grinder for 7 turns
  5288 | D:5      | Paralysed by Grinder for 4 turns
  5296 | D:5      | Killed Grinder
  5325 | D:5      | Noticed Sigmund
  5615 | D:5      | Killed Sigmund
  5698 | D:5      | Found a broken altar of Ashenzari.
  5724 | D:5      | Found a radiant altar of Vehumet.
  5869 | D:5      | Reached skill level 5 in Invocations
  6070 | D:6      | HP: 1/52 [steam dragon (6)]
  6073 | D:6      | Reached XP level 9. HP: 2/56 MP: 12/12
  6382 | D:6      | HP: 1/56 [ogre (8)]
  6383 | D:6      | Mangled by an ogre

Illustrated notes

Levels and vault maps discovered:
D:1:      minmay_arrival_diagonal_passages, layout_rooms, serial_shops,
          nicolae_diamond_shop, amethyst_killhole
D:2:      layout_loops_corners, basic_altar, serial_shops,
          nicolae_shop_window_shopping
D:3:      layout_rooms, nicolae_hepliaklqana_hazy_memory,
          hellmonk_ecumenical_altar_watching_god, serial_bayou_pond_c,
          uniq_jessica
D:4:      layout_rooms, grunt_temple_overflow_gold_and_silver,
          mainiacjoe_overflow_catch_the_wave, gammafunk_ghost_nasty_kobolds,
          gup_sewer_entry_spiral
D:5:      layout_cave_pools, lemuel_round_altar, marbit_many_paths,
          minmay_temple_entry_slanted, kennysheep_flooded_box, st_stairs_7,
          chequers_jeans, uniq_sigmund, uniq_grinder, uniq_prince_ribbit1
D:6:      layout_loops_cross, mainiacjoe_overflow_alcove_2,
          mainiacjoe_overflow_big_doors
Temple:   nicolae_temple_figure_zero

Skill      XL: |  1  2  3  4  5  6  7  8 |
---------------+-------------------------+-----
Long Blades    | 2 3 4 |  4.9
Invocations    | 1 2 3 4 5 |  5.2
Fighting       | 4 5 6 |  6.4
Shields        | 4 5 6 |  6.4
Armour         | 4 5 6 |  6.4

Action                   |  1- 3 |  4- 6 |  7- 9 || total
-------------------------+-------+-------+-------++-------
Melee: Long sword        |   132 |   215 |   146 ||   493
  Use: Scroll            |       |     3 |       ||     3
       Potion            |       |       |     3 ||     3
Armor: Chain mail        |    78 |   172 |    95 ||   345
Dodge: Dodged            |    42 |    69 |    48 ||   159
Block: Buckler           |    32 |    61 |    26 ||   119

Table legend: (Time is in decaauts)
 A = Elapsed time spent in this place.
 B = Non-inter-level travel time spent in this place.
 C = Inter-level travel time spent in this place.
 D = Time resting spent in this place.
 E = Time spent auto-exploring this place.
 F = Levels seen in this place.
 G = Mean time per level.
                   A        B        C        D        E       F      G
               +--------+--------+--------+--------+--------+-----+--------+
         Total |   6603 |   6459 |    144 |    799 |   4119 |   8 |  825.4 |
       Dungeon |   5727 |   5599 |    128 |    560 |   3626 |   6 |  954.5 |
        Temple |    381 |    365 |     16 |    239 |    112 |   1 |  381.0 |
         Sewer |    494 |    494 |      0 |      0 |    381 |   1 |  494.0 |
               +--------+--------+--------+--------+--------+-----+--------+

Top non-repeatable levels by time:
     D:5: 1510 daAuts
     D:2: 1390 daAuts
     D:4: 1177 daAuts
     D:3: 953 daAuts
     D:1: 582 daAuts
   Sewer: 494 daAuts
  Temple: 381 daAuts
     D:6: 113 daAuts
